 Dungeon Crawl Stone Soup version 0.29-a0-221-gceb61267dd (webtiles) character file.

Game seed: 14290982800563572183

49 spaghetti the Skirmisher (level 3, 29/29 HPs)
             Began as a Demonspawn Berserker on Feb 25, 2022.
             Was a Follower of Trog.
             Quit the game on level 2 of the Dungeon on Feb 27, 2022.
             The game lasted 00:05:06 (1823 turns).

spaghetti the Skirmisher (Demonspawn Berserker)     Turns: 1823, Time: 00:05:06

Health: 29/29      AC:  2    Str: 21    XL:     3   Next: 53%
Magic:  3/3        EV: 12    Int: 10    God:    Trog [*.....]
Gold:   60         SH:  0    Dex: 12    Spells: 2/2 levels left

rFire   . . .      SeeInvis .     - Unarmed
rCold   . . .      Faith    .   (no shield)
rNeg    . . .      Spirit   .   a - +0 animal skin
rPois   .          Reflect  .   (no helmet)
rElec   .          Harm     .   (no cloak)
rCorr   .          Rampage  .   (no gloves)
Will    .....                   (no boots)
Stlth   +.........              (no amulet)
HPRegen 0.09/turn               (no ring)
MPRegen 0.08/turn               (no ring)

@: no status effects
A: ignite blood 1, big brain 1, screaming 1, strong 1
a: Renounce Religion, Berserk


You were on level 2 of the Dungeon.
You worshipped Trog.
Trog was aware of your devotion.
You visited 1 branch of the dungeon, and saw 3 of its levels.

You collected 60 gold pieces.


Innate Abilities, Weirdness & Mutations

Your demonic aura sometimes causes spilled blood to erupt in flames.
You have an unusually large brain. (Int +2)
You occasionally shout uncontrollably at your foes.
Your muscles are strong. (Str +2)


   Skills:
 - Level 3.0 Fighting
 + Level 3.0 Short Blades
 - Level 1.7 Armour
 - Level 1.7 Dodging
 - Level 2.6 Unarmed Combat


You had 2 spell levels left.
You didn't know any spells.
Your spell library was empty.

Inventory:

Hand Weapons
 b - a +0 short sword {short}
   (You found it on level 1 of the Dungeon)
 c - a +0 club {mace}
   (You took it off a goblin on level 2 of the Dungeon)
 e - a +0 dagger {short}
   (You took it off a goblin on level 2 of the Dungeon)
 f - a +0 hunting sling {sling}
   (You took it off a goblin on level 2 of the Dungeon)
 i - a +0 short sword {short}
   (You took it off a kobold on level 2 of the Dungeon)
 j - a +0 spear {polearm}
   (You found it on level 2 of the Dungeon)
 l - a +0 club {mace}
   (You took it off a kobold on level 2 of the Dungeon)
Missiles
 d - 64 stones (quivered) {throwing}
 k - 4 boomerangs {throwing}
Armour
 a - a +0 animal skin (worn)
Scrolls
 h - a scroll of vulnerability {unknown}
 m - a scroll of blinking {unknown}
Potions
 g - a potion of heal wounds {@q2}
 n - a potion of degeneration {unknown}

Dungeon Overview and Level Annotations

Branches:
Dungeon (3/15)

Altars:

#..............##.
#.....###########.
#....## #. #....#
#. ##..## #.
###### ##[# ####
...#.# #.# #...
#.$#.##.# ##.##
#..#@#.# #....
#.†##.# #####
##..#.# ##.†.#
##..### ##..##
##..#.# #..#.##
#...#.#.#


There were no monsters in sight!


Message History

Trog accepts your kill. The quokka closely misses you.
You see here a frilled lizard corpse.
You hit the quokka.
You kill the quokka!
Trog accepts your kill.
No target in view!
No target in view!
No target in view!
No target in view!
No target in view!
No target in view!
No target in view!
No target in view!
No target in view!
No target in view!
No target in view!
No target in view!
No target in view!
No target in view!
No target in view!
No target in view!
No target in view!
No target in view!
No target in view!
No target in view!
No target in view!
You now have 60 gold pieces (gained 10).
A hobgoblin comes into view.
The hobgoblin shouts! 😎 HP[+1]
Your hp is fully restored (29).
A hobgoblin is nearby!
You closely miss the hobgoblin. The hobgoblin hits you. 😕 HP[-1]
You take 1 damage, and now have 28/29 hp.
A hobgoblin is nearby!
You barely miss the hobgoblin.
A dart slug comes into view.
The hobgoblin misses you.
You barely miss the hobgoblin. The hobgoblin closely misses you.
You barely miss the hobgoblin. The hobgoblin closely misses you.
You closely miss the hobgoblin. The hobgoblin hits you. 😕 HP[-3]
You take 3 damage, and now have 25/29 hp.
You hit the hobgoblin.
The hobgoblin barely misses you. 😕 HP[+1]
You closely miss the hobgoblin. The hobgoblin barely misses you.
You hit the hobgoblin. The hobgoblin closely misses you.
You hit the hobgoblin.
You kill the hobgoblin!
Trog accepts your kill. The dart slug launches a dart at you.
The slug dart misses you.
You see here a hobgoblin corpse.
You hit the dart slug. The dart slug closely misses you.
You hit the dart slug. The dart slug launches a dart at you.
The slug dart hits you. 😮 HP[-5]
You take 5 damage, and now have 21/29 hp.
You are too injured to fight recklessly!
You are too injured to fight recklessly!
You are too injured to fight recklessly!
You are too injured to fight recklessly!
You are too injured to fight recklessly!
You are too injured to fight recklessly!
You are too injured to fight recklessly!
You are too injured to fight recklessly!
You are too injured to fight recklessly!
You are too injured to fight recklessly!
You are too injured to fight recklessly!
You are too injured to fight recklessly!
You are too injured to fight recklessly!
You are too injured to fight recklessly!
You are too injured to fight recklessly!
You are too injured to fight recklessly!
You are too injured to fight recklessly!
You are too injured to fight recklessly!
You are too injured to fight recklessly!
You are too injured to fight recklessly!
You are too injured to fight recklessly!
You are too injured to fight recklessly!
You are too injured to fight recklessly!
You are too injured to fight recklessly!
You are too injured to fight recklessly!
You fail to use your ability.
The dart slug barely misses you.
You hit the dart slug.
You kill the dart slug!
Trog accepts your kill.
Your Short Blades skill increases to level 3!
You start resting. 😎 HP[+8]
Your hp is fully restored (29).
Are you sure you want to abandon this character and quit the game? (Confirm with "yes".)
Okay, then.
Unknown command.
Unknown command.
Are you sure you want to abandon this character and quit the game? (Confirm with "yes".)

Skill      XL: |  1  2  3 |
---------------+----------+-----
Short Blades   | 1 2 3 |  3.0
Fighting       | |  3.0
Armour         | |  1.7
Dodging        | |  1.7
Unarmed Combat | |  2.6

Action                   || total
-------------------------++-------
Melee: Unarmed           ||    80
Invok: Berserk           ||     6
  Use: Potion            ||     2
Armor: Animal skin       ||    13
Dodge: Dodged            ||    62

Levels and vault maps discovered:
D:1:      mrwooster_arrival_arrow, layout_loops_cross
D:2:      minmay_diamond_boxcup, layout_basic, supply_closet_lemuel
D:3:      cheibrodos_fertilizer, layout_loops_ring, jmf_multi_god_temple,
          hellmonk_ecumenical_altar_crossroads, serial_shops,
          nicolae_shop_behind_doors, chequers_serial_rivers_marsh,
          minmay_fractal_squares_5, uniq_sigmund

Notes
Turn   | Place    | Note
-------+----------+-------------------------------------------
     0 | D:1      | spaghetti the Demonspawn Berserker began the quest for the
                  | Orb.
     0 | D:1      | Reached XP level 1. HP: 18/18 MP: 1/1
     0 | D:1      | magus.rc [v1.9.6]
     0 | D:1      | magus.rc [v1.9.6]
     6 | D:1      | magus.rc [v1.9.6]
    18 | D:1      | magus.rc [v1.9.6]
    18 | D:1      | Upgraded the game from 0.29-a0-219-g0a02b1cf4f to
                  | 0.29-a0-221-gceb61267dd
    18 | D:1      | magus.rc [v1.9.6]
    34 | D:1      | Reached skill level 1 in Short Blades
   393 | D:1      | Gained mutation: Your demonic aura sometimes causes spilled
                  | blood to erupt in flames. [demonic ancestry]
   393 | D:1      | Reached XP level 2. HP: 24/24 MP: 2/2
   437 | D:1      | You fall into a shaft and drop 1 floor!
   860 | D:2      | Reached skill level 2 in Short Blades
   869 | D:3      | Gained mutation: You occasionally shout uncontrollably at
                  | your foes. [potion of mutation]
   869 | D:3      | Gained mutation: Your muscles are strong. (Str +2) [potion
                  | of mutation]
   952 | D:2      | Gained mutation: You have an unusually large brain. (Int
                  | +2) [demonic ancestry]
   952 | D:2      | Reached XP level 3. HP: 16/29 MP: 3/3
  1742 | D:2      | Reached skill level 3 in Short Blades
  1823 | D:2      | Quit the game

Vanquished Creatures
  2 adders (D:2)
  A worm (D:2)
  2 dart slugs
  2 bats (D:2)
  2 endoplasms
  3 hobgoblins (D:2)
  3 jackals (D:1)
  2 kobolds (D:2)
  A quokka (D:2)
  3 frilled lizards
  2 goblins (D:2)
  2 rats (D:2)
25 creatures vanquished.

Table legend:
 A = Non-vault XP
 B = Vault XP
 C = Vault XP percentage of total XP
 D = Non-vault monster count
 E = Vault monster count
 F = Vault count percentage of total count
                 A         B        C        D         E       F
            +---------+---------+-------+---------+---------+-------
      Total |      63 |       8 |  11.3 |      22 |       3 |  12.0
            +---------+---------+-------+---------+---------+-------
        D:1 |      13 |       0 |   0.0 |       6 |       0 |   0.0
        D:2 |      50 |       8 |  13.8 |      16 |       3 |  15.8
            +---------+---------+-------+---------+---------+-------

Illustrated notes

Table legend:
 A = Kills in this place as a percentage of kills in entire the game.
 B = Kills by you in this place as a percentage of kills by you in the entire game.
 C = Kills by friends in this place as a percentage of kills by friends in the entire game.
 D = Other kills in this place as a percentage of other kills in the entire game.
 E = Experience gained in this place as a percentage of experience gained in the entire game.
 F = Experience gained in this place divided by the number of levels of this place that you have seen.
                   A       B       C       D       E      F
               +-------+-------+-------+-------+-------+----------------------
         Total | 100.0 | 100.0 |   N/A |   N/A | 100.0 |  23.7
       Dungeon | 100.0 | 100.0 |   N/A |   N/A | 100.0 |  23.7
               +-------+-------+-------+-------+-------+----------------------

Table legend: (Time is in decaauts)
 A = Elapsed time spent in this place.
 B = Non-inter-level travel time spent in this place.
 C = Inter-level travel time spent in this place.
 D = Time resting spent in this place.
 E = Time spent auto-exploring this place.
 F = Levels seen in this place.
 G = Mean time per level.
                   A        B        C        D        E       F      G
               +--------+--------+--------+--------+--------+-----+--------+
         Total |   1870 |   1870 |      0 |   1088 |    591 |   3 |  623.3 |
       Dungeon |   1870 |   1870 |      0 |   1088 |    591 |   3 |  623.3 |
               +--------+--------+--------+--------+--------+-----+--------+

Top non-repeatable levels by time:
     D:2: 1412 daAuts
     D:1: 453 daAuts
     D:3: 4 daAuts
